 Dungeon Sprint DCSS version 0.27.1 (webtiles) character file.

Game seed: 9684695089440803235

5418 styxcanada the Imperceptible (level 10, -18/55 HPs)
             Began as a Spriggan Brigand on Aug 22, 2021.
             Was an Initiate of Gozag.
             Demolished by Agnes (26 damage)
             ... in the Dungeon (Sprint IV: "Fedhas' Mad Dash").
             The game lasted 00:16:10 (2442 turns).

styxcanada the Imperceptible (Spriggan Brigand)     Turns: 2442, Time: 00:16:11

Health: -18/55     AC:  8    Str:  7    XL:     10   Next: 40%
Magic:  11/11      EV: 27    Int: 13    God:    Gozag
Gold:   1312       SH: 10    Dex: 26    Spells: 9/9 levels left

rFire    . . .     SeeInvis +   a - +2 dagger
rCold    . . .     Faith    .   r - +2 buckler {rPois}
rNeg     . . .     Spirit   .   v - +2 troll leather armour
rPois    +         Reflect  .   q - +1 hat
rElec    .         Harm     .   c - +0 cloak
rCorr    .         Rampage  .   (gloves unavailable)
Will     +....     NoTele   +   (boots unavailable)
Stlth    +++++++++.             l - amulet of invisibility {+Inv}
HPRegen  1.18/turn              u - +6 ring of dexterity
MPRegen  0.12/turn              (no ring)

@: very slightly contaminated, invisible, very quick
A: very small, no large weapons, unfitting armour, see invisible, speed 3
a: Renounce Religion, Evoke Invisibility, Potion Petition, Call Merchant, Bribe
Branch


You were in the Dungeon.
You worshipped Gozag.
Gozag was most pleased with you.
You visited 1 branch You collected 2394 gold pieces.
You spent 1082 gold pieces at shops.

Inventory:

Hand Weapons
 a - a +2 dagger (weapon)
 b - a +0 scimitar of electrocution
 m - a +0 short sword of holy wrath
 p - a +1 vorpal scimitar
Missiles
 d - 17 poisoned darts (quivered)
 e - 2 curare-tipped darts
 t - 25 stones
Armour
 c - a +0 cloak (worn)
 q - a +1 hat (worn)
 r - a +2 buckler of poison resistance (worn)
 v - a +2 troll leather armour (worn)
Jewellery
 l - the amulet of invisibility (around neck) {+Inv}
   (You found it in the Dungeon)

   [amulet of nothing]

   +Inv:      It lets you turn invisible.
 u - a +6 ring of dexterity (left hand)
 x - the ring "Seofoyv" {Fly rCorr Str-3 Int+4}
   (You found it in the Dungeon)

   [ring of flight]

   Str:       It affects your strength (-3).
   Int:       It affects your intelligence (+4).
   Fly:       It grants you flight.
   rCorr:     It protects you from acid and corrosion.
Wands
 o - a wand of polymorph (7)
Scrolls
 j - 2 scrolls of torment
 k - a scroll of blinking
 n - a scroll of identify {unknown}
 w - a scroll of enchant weapon {unknown}
Potions
 f - 2 potions of curing
 g - a potion of heal wounds
 h - a potion of haste
 i - 2 potions of magic
 s - 2 potions of lignification {unknown}


   Skills:
 * Level 7.4 Fighting
 + Level 5.7(6.7) Short Blades
 + Level 4.1(5.0) Long Blades
 + Level 4.3 Throwing
 * Level 11.2 Dodging
 * Level 23.8 Stealth
 * Level 3.7 Shields
 * Level 12.1 Evocations


You had 9 spell levels left.
You didn't know any spells.
Your spell library contained the following spells:

 Spells                   Type           Power      Damage    Failure   Level
 Freeze                   Ice            0%         1d3       52%         1
 Frozen Ramparts          Ice            0%         1d2       87%         3
 Hailstorm                Conj/Ice       0%         3d3       99%         4


Dungeon Overview and Level Annotations

Branches:
Dungeon (1/1)

Altars:
Cheibriados
Dithmenos
Elyvilon
Gozag
Hepliaklqana
Kikubaaqudgha
Makhleb
Nemelex Xobeh
Okawaru
Qazlal
Ru
Sif Muna
Trog
Uskayaw
Vehumet
Wu Jian
Xom
Yredelemnul
Zin
The Shining One
Beogh
Jiyva
Lugonu

Shops:
D =:([[=(

Annotations:
D Agnes


Innate Abilities, Weirdness & Mutations

You are very small and have problems with some larger weapons.
You are too small for most types of armour.
You have supernaturally acute eyesight. (SInv)
You cover ground extremely quickly. (Speed+++)


Message History

You completely miss Agnes. You block Agnes's attack.
You closely miss Agnes.
Agnes says, "It is my duty to kill you, but also my pleasure."
Agnes completely misses you.
You hit Agnes.
Agnes is lightly wounded.
You block Agnes's attack. Agnes closely misses you.
You hit Agnes.
Agnes is lightly wounded.
Agnes hits you with a +0 spectral lajatang!!
There is an open door here.
Agnes says, "I despise a dishonourable opponent."
There is an open door here.
Agnes says, "You will find the Path of Peace easy to follow, in death."
You see here a +0 spear.
There is an open door, spattered with blood here.
Throw: 20 darts (poison)
Press: ? - help, Q - select action, (/) - cycle Shift-Dir - straight line, f - Agnes
Aim: Agnes, wielding a +0 spectral lajatang and wearing a +0 robe (43% to hit)
You throw a poisoned dart. The poisoned dart misses Agnes.
Agnes completely misses you. x2
Unknown command.
Agnes bows.
Agnes says, "You will find the Path of Peace easy to follow, in death."
Throw: 19 darts (poison)
Press: ? - help, Q - select action, (/) - cycle Shift-Dir - straight line, f/p - Agnes
Aim: Agnes, wielding a +0 spectral lajatang and wearing a +0 robe (43% to hit)
You throw a poisoned dart. The poisoned dart closely misses Agnes.
Agnes misses you.
Agnes hits you with a +0 spectral lajatang!!
Throw: 18 darts (poison)
Press: ? - help, Q - select action, (/) - cycle Shift-Dir - straight line, f/p - Agnes
Aim: Agnes, wielding a +0 spectral lajatang and wearing a +0 robe (43% to hit)
You throw a poisoned dart. The poisoned dart hits Agnes.
Agnes is poisoned.
Agnes hits you with a +0 spectral lajatang!!
* * * LOW HITPOINT WARNING * * *
There is an open door here.
Agnes hits you with a +0 spectral lajatang!!
You die...
Your body crumbles into a pile of gold.

###############################
#<..P#....†#.....#.⌠._._._._.⌠.
#PP..'.....'.#).['.._._._._._..
#PPPP#...†.#.#...#..._._._._...
###############'##.._._._._._..
#...♣........'...#._._._._._.⌠.
#......♣.....#...##############
#....[♣..♣..######♣♣♣♣♣..♣.###.
##'####'######@i'.(...(♣..♣##..
#..#....'.......#♣..♣♣♣.♣).###.
#..#..###.......#.♣♣.)♣...♣'.)(
####### #######################
. .i. ..... ####


You could see Agnes (poisoned).

Vanquished Creatures
  A spriggan druid (D)
  6 oklob plants (D)
  A demonic crawler (D)
  3 wandering mushrooms (D)
  3 burning bushes (D)
  A queen bee (D)
  A hornet (D)
  3 scorpions (D)
  4 killer bees (D)
  5 oklob saplings (D)
  5 spriggans (D)
  A river rat (D)
  A rat (D)
  A ballistomycete spore (D)
36 creatures vanquished.

Notes
Turn   | Place    | Note
-------+----------+-------------------------------------------
     0 | D        | styxcanada the Spriggan Brigand began the quest for the
                  | Orb.
     0 | D        | Reached XP level 1. HP: 10/10 MP: 2/2
     9 | D        | Reached skill level 8 in Stealth
     9 | D        | Reached XP level 2. HP: 15/15 MP: 3/3
    17 | D        | Noticed an oklob sapling
    19 | D        | Killed an oklob sapling
    20 | D        | Reached skill level 10 in Stealth
    20 | D        | Reached XP level 3. HP: 18/18 MP: 4/4
    21 | D        | Noticed a scorpion
    21 | D        | Found the amulet of invisibility {+Inv}
    23 | D        | Killed a scorpion
    24 | D        | Reached skill level 12 in Stealth
    24 | D        | Reached XP level 4. HP: 23/23 MP: 5/5
    45 | D        | Found an opulent altar of Gozag.
    45 | D        | Found a hazy altar of Hepliaklqana.
    45 | D        | Found a burning altar of Makhleb.
    45 | D        | Found a sparkling altar of Nemelex Xobeh.
    45 | D        | Found a snail-covered altar of Cheibriados.
    45 | D        | Found a sacrificial altar of Ru.
    45 | D        | Found a shimmering blue altar of Sif Muna.
    45 | D        | Found a shimmering altar of Xom.
    45 | D        | Found a basalt altar of Yredelemnul.
    46 | D        | Found a viscous altar of Jiyva.
    46 | D        | Found a bloodstained altar of Trog.
    46 | D        | Found an ornate altar of the Wu Jian Council.
    47 | D        | Found an iron altar of Okawaru.
    47 | D        | Found a shadowy altar of Dithmenos.
    47 | D        | Found a glowing silver altar of Zin.
    48 | D        | Found an ancient bone altar of Kikubaaqudgha.
    48 | D        | Found a hide-covered altar of Uskayaw.
    49 | D        | Found a stormy altar of Qazlal.
    49 | D        | Found a white marble altar of Elyvilon.
    49 | D        | Found a glowing golden altar of the Shining One.
    50 | D        | Became a worshipper of Gozag Ym Sagoz the Greedy
    51 | D        | Found a corrupted altar of Lugonu.
    51 | D        | Found a radiant altar of Vehumet.
    55 | D        | Reached skill level 13 in Stealth
    55 | D        | Reached XP level 5. HP: 28/28 MP: 3/6
   108 | D        | Reached skill level 14 in Stealth
   108 | D        | Reached skill level 1 in Evocations
   114 | D        | Reached skill level 5 in Dodging
   115 | D        | Reached skill level 15 in Stealth
   142 | D        | Reached skill level 16 in Stealth
   142 | D        | Reached XP level 6. HP: 33/33 MP: 7/7
   193 | D        | Found Sofedis's Book Shop.
   194 | D        | Found Yhobback's Jewellery Emporium.
   303 | D        | Noticed a burning bush
   303 | D        | Noticed a wandering mushroom
   304 | D        | Noticed a wandering mushroom
   308 | D        | Killed a wandering mushroom
   309 | D        | Reached skill level 18 in Stealth
   310 | D        | Killed a wandering mushroom
   311 | D        | Reached skill level 19 in Stealth
   311 | D        | Reached XP level 7. HP: 25/38 MP: 5/8
   427 | D        | Reached skill level 5 in Fighting
   443 | D        | Killed a burning bush
   444 | D        | Reached skill level 20 in Stealth
   444 | D        | Reached XP level 8. HP: 43/43 MP: 7/9
   457 | D        | Found Teucwem's Armour Emporium.
   457 | D        | Found Zuosyig's Antique Armour Shoppe.
   464 | D        | Bought a glowing hat for 217 gold pieces
   466 | D        | Bought a +2 buckler of poison resistance for 222 gold
                  | pieces
   718 | D        | Noticed a queen bee
   725 | D        | Killed a queen bee
   726 | D        | Reached skill level 5 in Evocations
   730 | D        | Reached skill level 21 in Stealth
   780 | D        | Noticed an oklob plant
   783 | D        | Killed an oklob plant
   854 | D        | Noticed a burning bush
  1104 | D        | Bought a +6 ring of dexterity for 643 gold pieces
  1569 | D        | Killed a burning bush
  1570 | D        | Reached skill level 1 in Long Blades
  1570 | D        | Reached skill level 22 in Stealth
  1570 | D        | Reached XP level 9. HP: 22/48 MP: 10/10
  1707 | D        | Noticed a burning bush
  1707 | D        | Noticed an oklob plant
  1708 | D        | Noticed a wandering mushroom
  1709 | D        | Killed a burning bush
  1710 | D        | Reached skill level 1 in Shields
  1714 | D        | Killed an oklob plant
  1718 | D        | Killed a wandering mushroom
  1719 | D        | Reached skill level 5 in Short Blades
  1719 | D        | Reached skill level 10 in Dodging
  1794 | D        | Noticed a spriggan druid
  1796 | D        | Killed a spriggan druid
  1797 | D        | Reached skill level 10 in Evocations
  1875 | D        | Noticed an oklob plant conjurer
  1876 | D        | Killed an oklob plant conjurer
  1936 | D        | Noticed an oklob plant
  1936 | D        | Noticed an oklob plant summoner
  1937 | D        | Noticed an oklob plant shifter
  1941 | D        | Killed an oklob plant
  1942 | D        | Reached skill level 23 in Stealth
  1942 | D        | Reached XP level 10. HP: 55/55 MP: 8/11
  1943 | D        | Killed an oklob plant summoner
  1946 | D        | Killed an oklob plant shifter
  2018 | D        | Noticed a spriggan rider
  2181 | D        | Found Dimuidd's Jewellery Emporium.
  2375 | D        | Found Xoechats's Weapon Shoppe.
  2384 | D        | Identified the ring "Seofoyv" {Fly rCorr Str-3 Int+4}
  2412 | D        | Noticed Agnes
  2414 | D        | Found Hutwanuq's Weapon Emporium.
  2414 | D        | Noticed a spriggan berserker
  2442 | D        | Demolished by Agnes

Illustrated notes

Levels and vault maps discovered:
D:        dungeon_sprint_fedhas [sprint_temple]

Skill      XL: |  1  2  3  4  5  6  7  8  9 10 |
---------------+-------------------------------+-----
Dodging        | 2 3 4 5 7 8 9 10 11 | 11.2
Stealth        | 8 10 12 13 16 19 20 22 23 | 23.8
Fighting       | 2 3 4 5 6 7 |  7.4
Short Blades   | 3 4 5 |  5.7
Evocations     | 1 4 7 11 12 | 12.1
Throwing       | 3 4 |  4.3
Long Blades    | 1 3 4 |  4.1
Shields        | 3 |  3.7

Action                   |  1- 3 |  4- 6 |  7- 9 | 10-12 || total
-------------------------+-------+-------+-------+-------++-------
Melee: Dagger            |     4 |     9 |    71 |    17 ||   101
       Scimitar          |       |       |    34 |       ||    34
Throw: Dart              |       |     5 |       |    36 ||    41
 Abil: Evoke Invisibilit |       |     3 |    13 |     2 ||    18
  Use: Potion            |       |       |     1 |       ||     1
       Scroll            |       |       |     1 |       ||     1
 Stab: Sleeping          |     4 |     6 |    15 |     3 ||    28
       Invisible         |       |       |     1 |       ||     1
Armor: Troll leather arm |       |       |     1 |     1 ||     2
Dodge: Dodged            |       |     6 |    14 |    19 ||    39
Block: Buckler           |       |       |     7 |     8 ||    15
